 Dungeon Crawl Stone Soup version 0.31.0-9-g3a7656b989 (webtiles) character file.

Game seed: 3409236929355174299

924 Axelsxxd the Ruffian (level 8, 0/54 HPs)
             Began as an Octopode Shapeshifter on Feb 4, 2024.
             Was a Believer of Cheibriados.
             Slain by an adder (4 damage)
             ... on level 5 of the Dungeon.
             The game lasted 00:05:31 (5269 turns).

Axelsxxd the Ruffian (Octopode Shapeshifter)        Turns: 5269, Time: 00:05:32

Health: 0/54       AC:  1    Str: 19    XL:     8   Next: 10%
Magic:  8/8        EV: 13    Int: 28    God:    Cheibriados [**....]
Gold:   62         SH:  9    Dex: 16    Spells: 7/7 levels left

rFire   x .          .
                       - Unarmed
rCold   + . .        f - +0 kite shield
rNeg    . . .        (helmet currently unavailable)
rPois   .            (no amulet)
rElec   .            i - +6 ring of intelligence
rCorr   .            g - ring of flight
SInv    .            d - ring of ice
Will    .....        u - +6 ring of intelligence
Stlth   ++           (no ring)
HPRegen 0.29/turn    (no ring)
MPRegen 0.11/turn    (no ring)
                     (no ring)

%: no passive effects
@: lethally poisoned (0 -> -4), beast-form, flying, very slow
A: beast (slay +2), almost no armour, amphibious, 8 rings, camouflage 1,
gelatinous body 1, (nimble swimmer 1), tentacles
a: Begin Untransformation, Renounce Religion, Bend Time


You were on level 5 of the Dungeon.
You worshipped Cheibriados.
Cheibriados was pleased with you.
You were a hulking beast.
You visited 1 branch of the dungeon, and saw 6 of its levels.

You collected 161 gold pieces.
You spent 99 gold pieces at shops.

Inventory:

Armour
 f - a +0 kite shield (worn)
Jewellery
 d - a ring of ice (on tentacle)
 g - a ring of flight (right tentacle)
 i - a +6 ring of intelligence (left tentacle)
 s - a ring of fire
 u - a +6 ring of intelligence (on tentacle)
Talismans
 b - a beast talisman
 c - a flux talisman
Wands
 v - a wand of paralysis (11)
Scrolls
 h - 3 scrolls of identify {unknown}
 l - 2 scrolls of amnesia {unknown}
 n - 2 scrolls of revelation {unknown}
 p - 2 scrolls of fog {unknown}
 r - 2 scrolls of vulnerability {unknown}
 x - a scroll of teleportation {unknown}
 y - a scroll of enchant armour {unknown}
 z - 2 scrolls of fear {unknown}
Potions
 a - a potion of lignification
 e - a potion of invisibility {unknown}
 j - a potion of mutation {unknown}
 k - 3 potions of enlightenment {unknown}
 m - 5 potions of curing
 o - a potion of resistance {unknown}
 q - 2 potions of heal wounds
 t - 2 potions of haste {unknown}
 w - a potion of berserk rage {unknown}


   Skills:
 * Level 4.5 Fighting
 + Level 3.7 Dodging
 + Level 2.7 Shields
 * Level 5.4 Unarmed Combat
 * Level 5.0 Shapeshifting


You had 7 spell levels left.
You didn't know any spells.
Your spell library contained the following spells:

 Spells                   Type           Power      Damage    Failure   Level
 Inner Flame              Hex/Fire       0%         N/A       65%         3
 Volatile Blastmotes      Fire/Tloc      0%         2d10      65%         3
 Ignite Poison            Fire/Alch      0%         N/A       96%         4
 Summon Blazeheart Golem  Fire/Summ      0%         N/A       96%         4


Dungeon Overview and Level Annotations

Branches:
Dungeon (6/15)             Temple (0/1) D:5

Altars:
Cheibriados
Xom

Shops:
D:3 !

Annotations:
D:6 Pikel


Innate Abilities, Weirdness & Mutations

You are a hulking beast.
Your limbs bulge with bestial killing power. (Slay +2)
You cannot wear most types of armour.
You are amphibious.
You can wear up to eight rings at the same time.
Your skin changes colour to match your surroundings (Stealth+).
Your rubbery body absorbs attacks. (AC +1, EV +1)
((You are camouflaged when in or above water. (Stealth+)))
You have tentacles for arms and can constrict up to eight enemies at once.


Message History

The lemure closely misses you.
You tentacle-slap the lemure but do no damage.
You squeeze the lemure.
You kill the lemure!
That felt strangely unrewarding.
You block the adder's attack. The lemure misses you.
You tentacle-slap the lemure. You grab the lemure.
The lemure is lightly wounded.
You constrict the lemure, but do no damage.
The adder closely misses you. The lemure hits you. The adder bites you.
* * * LOW HITPOINT WARNING * * *
You are poisoned.
The adder poisons you!
You tentacle-slap the lemure but do no damage.
You constrict the lemure.
You feel sick. The lemure hits you.
* * * LOW HITPOINT WARNING * * *
The adder bites you but does no damage.
You tentacle-slap the lemure but do no damage.
You squeeze the lemure!
The lemure is moderately wounded.
You constrict the lemure. The adder barely misses you.
You block the lemure's attack.
You barely miss the lemure.
The lemure is heavily wounded.
You constrict the lemure.
You feel sick. The adder misses you. The lemure closely misses you.
You block the adder's attack.
You tentacle-slap the lemure. You squeeze the lemure.
The lemure is severely wounded.
You constrict the lemure.
You feel sick. You block the lemure's attack. The adder bites you.
* * * LOW HITPOINT WARNING * * *
You are lethally poisoned!
The adder poisons you!
You tentacle-slap the lemure but do no damage.
You squeeze the lemure.
You kill the lemure!
That felt strangely unrewarding.
* * * LOW HITPOINT WARNING * * *
You feel sick. The adder bites you.
You die...

....).............##.#.# #...
..................##...# #...
..................###### #...
..................############...
##.....##....................'...
#.....##..........###########...
#.......#######...# #.##
#.......# #...# #.# #.......#
#h))# #.# #.......# ##S.# #.#
#.......# #### #.# #.......# #.##
#.......# #... #.......# ####
######### # # #


You could see an adder.

Vanquished Creatures
  Edmund (D:4)
  An ice beast (D:6)
  A black bear (D:6)
  2 ogres
  2 lemures (D:5)
  A phantom (D:5)
  A scorpion (D:6)
  A jelly (D:6)
  An orc priest (D:5)
  A sleepcap (D:5)
  An iguana (D:5)
  2 orc wizards
  3 gnolls (D:2)
  3 adders
  2 ufetubi
  A dart slug (D:1)
  4 ribbon worms
  14 orcs
  A bat (D:3)
  5 endoplasms
  A giant cockroach (D:1)
  4 goblins
  4 hobgoblins
  3 jackals (D:4)
  4 quokkas
  9 ball pythons
  2 frilled lizards (D:1)
  10 kobolds
  3 rats
88 creatures vanquished.

Notes
Turn   | Place    | Note
-------+----------+-------------------------------------------
     0 | D:1      | Axelsxxd the Octopode Shapeshifter began the quest for the
                  | Orb.
     0 | D:1      | Reached XP level 1. HP: 13/13 MP: 1/1
    83 | D:1      | Found a faded altar of an unknown god.
   219 | D:1      | Reached XP level 2. HP: 15/18 MP: 2/2
   568 | D:1      | Reached XP level 3. HP: 23/23 MP: 3/3
   804 | D:2      | Got the Vellum of the Sun
  1398 | D:2      | Reached XP level 4. HP: 29/29 MP: 4/4
  1528 | D:2      | Reached skill level 1 in Shields
  1913 | D:3      | Found a snail-covered altar of Cheibriados.
  1929 | D:3      | Became a worshipper of Cheibriados the Contemplative
  2177 | D:3      | Found Fouseud's Distillery.
  2185 | D:3      | Bought a potion of curing for 33 gold pieces
  2185 | D:3      | Bought a potion of heal wounds for 55 gold pieces
  2185 | D:3      | Bought a potion of degeneration for 11 gold pieces
  2546 | D:4      | Noticed Edmund
  2560 | D:4      | Killed Edmund
  2561 | D:4      | Reached XP level 5. HP: 26/36 MP: 5/5
  2660 | D:4      | Reached XP level 6. HP: 41/41 MP: 6/6
  2707 | D:4      | Reached * piety under Cheibriados
  2760 | D:4      | Found a shimmering altar of Xom.
  3193 | D:5      | Entered Level 5 of the Dungeon
  3288 | D:5      | Found a staircase to the Ecumenical Temple.
  3528 | D:5      | Reached XP level 7. HP: 9/46 MP: 7/7
  4500 | D:6      | Reached skill level 5 in Unarmed Combat
  4527 | D:6      | Reached ** piety under Cheibriados
  5147 | D:6      | Reached skill level 5 in Shapeshifting
  5147 | D:6      | Reached XP level 8. HP: 26/54 MP: 8/8
  5244 | D:6      | Noticed Pikel
  5269 | D:5      | Slain by an adder

Illustrated notes

Levels and vault maps discovered:
D:1:      minmay_arrival_diagonal_passages, layout_loops_ring,
          hellmonk_ecumenical_altar_lost_god, lexackson_kobold_supper
D:2:      layout_basic
D:3:      layout_basic, slow_altar_1, serial_shops, shop, minmay_fountain_box
D:4:      layout_loops_ring, xom_teletrap_fun, kennysheep_crisscross,
          uniq_edmund
D:5:      layout_basic, minmay_temple_entry_arrows
D:6:      layout_basic, minmay_nine_imps, uniq_pikel

Skill      XL: |  1  2  3  4  5  6  7 |
---------------+----------------------+-----
Fighting       | 2 3 4 |  4.5
Shields        | 1 2 |  2.7
Unarmed Combat | 4 5 |  5.4
Dodging        | 3 |  3.7
Shapeshifting  | 4 5 |  5.0

Action                     |  1- 3 |  4- 6 |  7- 9 || total
---------------------------+-------+-------+-------++-------
  Melee: Unarmed           |    58 |   100 |    57 ||   215
         Tentacles         |    13 |    15 |    18 ||    46
         Constrict         |    14 |    19 |    12 ||    45
         Punch             |       |     1 |     1 ||     2
    Use: Potion            |       |     1 |       ||     1
   Stab: Sleeping          |     8 |     6 |     2 ||    16
 Armour: Skin              |    17 |    39 |    43 ||    99
  Dodge: Dodged            |    17 |    31 |    43 ||    91
  Block: Kite shield       |    13 |    42 |    37 ||    92
